 Dungeon Crawl Stone Soup version 0.20-a0-949-g916514f (webtiles) character file.

1754 M4edhros the Covert (level 9, -14/59 HPs)
             Began as an Octopode Artificer on Apr 4, 2017.
             Was a Priest of Cheibriados.
             Demolished by a hornet (17 damage)
             ... on level 7 of the Dungeon.
             The game lasted 00:10:54 (4425 turns).

M4edhros the Covert (Octopode Artificer)            Turns: 4425, Time: 00:10:54

Health: -14/59     AC:  1    Str: 20    XL:     9   Next: 6%
Magic:  11/11      EV: 17    Int: 20    God:    Cheibriados [***...]
Gold:   261        SH:  0    Dex: 21    Spells: 8/8 levels left

rFire    . . .     SeeInvis +     - Unarmed
rCold    . . .     Gourm    .   (no shield)
rNeg     . . .     Faith    .   (helmet restricted)
rPois    .         Spirit   .   s - amulet of regeneration
rElec    .         Reflect  .   t - ring of see invisible
rCorr    .         Harm     .   (no ring)
MR       .....                  (no ring)
Stlth    +++++.....             (no ring)
Regen    0.6/turn               (no ring)
MPRegen  0.2/turn               (no ring)
                                (no ring)
                                (no ring)

@: lethally poisoned (-14 -> -15), slowed, very slow
A: almost no armour, stealthy swim, amphibious, 8 rings, constrict 8, camouflage
1, gelatinous body 1
a: Bend Time, Temporal Distortion, Renounce Religion


You were on level 7 of the Dungeon.
You worshipped Cheibriados.
Cheibriados was most pleased with you.
You were not hungry.

You visited 2 branches of the dungeon, and saw 8 of its levels.

You collected 261 gold pieces.

Inventory:

Hand Weapons
 j - a +3 vampiric dagger
 m - a +2 dagger of draining
Missiles
 e - 142 stones (quivered)
 i - 4 tomahawks
 q - 8 sling bullets
Jewellery
 h - an uncursed ring of resist corrosion {unknown}
 s - an amulet of regeneration (around mantle)
 t - a ring of see invisible (left tentacle)
 x - an uncursed ring of teleportation
Wands
 b - a wand of flame (13/48)
 c - a wand of enslavement (11/24)
 d - a wand of random effects (13/48)
 n - a wand of random effects (20/48)
 r - a wand of flame (5/48)
Scrolls
 a - a scroll of amnesia {unknown}
 l - 2 scrolls of teleportation
 o - a scroll of magic mapping
 p - a scroll of enchant armour {unknown}
 v - a scroll of enchant weapon {unknown}
 y - a scroll of blinking {unknown}
Potions
 w - a potion of ambrosia
 B - a potion of curing {unknown}
Comestibles
 f - 6 bread rations
 g - 2 meat rations
 A - 2 fruits


   Skills:
 + Level 4.7 Fighting
 - Level 1.0 Short Blades
 + Level 5.1 Dodging
 - Level 8.7 Stealth
 * Level 6.6 Unarmed Combat
 - Level 3.2 Evocations


You had 8 spell levels left.
You didn't know any spells.

Dungeon Overview and Level Annotations

Branches:
Dungeon (7/15)             Temple (1/1) D:4

Altars:
Cheibriados
Gozag
Kikubaaqudgha
Trog
Uskayaw
Vehumet
Yredelemnul
Zin


Innate Abilities, Weirdness & Mutations

You cannot wear most types of armour.
You are very stealthy in the water. (Stealth+)
You are amphibious.
You can wear up to eight rings at the same time.
You can use your tentacles to constrict eight enemies at once.
Your skin changes colour to match your surroundings (Stealth+).
Your rubbery body absorbs attacks. (AC +1, EV +1)


Message History

You squeeze the hornet, but do no damage.
The hornet is severely wounded.
You constrict the hornet.
You feel sick. The hornet stings you!
You feel as though you will be slow longer.
The hornet stings you.
You suddenly lose the ability to move!
You lose your grip on the hornet.
You feel sick. The hornet stings you!
You feel as though you will be slow longer.
The hornet stings you!
* * * LOW HITPOINT WARNING * * *
You feel as though you will be slow longer.
You can move again.
Unknown command.
Unknown command.
Okay, then.
You closely miss the hornet. Your grab misses the hornet.
You squeeze the hornet.
The hornet is almost dead.
The hornet stings you!
You die...

#....#
#....#
#....##
#.....
#....#
#...<#
#....#
#....####.#
#....@....#
####.y##?##
.....
#.......
#.......#
#.........
#.%......##
#.........


You could see a hornet.

Vanquished Creatures
  The ghost of Murumi the Shield-Bearer, a novice FoFi (D:5)
  2 eyes of draining (D:4)
  An ogre (D:6)
  Blork the orc (D:6)
  A bullfrog (D:6)
  A scorpion (D:6)
  A crimson imp (D:6)
  A bullfrog zombie (D:5)
  2 centaur skeletons
  10 orc wizards
  A hound (D:4)
  A bullfrog skeleton (D:5)
  3 orc priests
  2 worker ants
  2 iguanas (D:6)
  A hound skeleton (D:5)
  A worker ant zombie (D:6)
  6 adders
  A shadow imp (D:6)
  2 adder skeletons (D:4)
  A worm (D:2)
  2 leopard geckos
  29 orcs
  5 bats
  A giant cockroach (D:5)
  6 goblins
  8 hobgoblins
  3 jackals (D:5)
  2 quokkas
  2 ball pythons
  5 frilled lizards
  6 kobolds
  2 quokka skeletons
  13 rats
126 creatures vanquished.

Vanquished Creatures (collateral kills)
  An orc priest (D:4)
  A leopard gecko (D:3)
  A bat (D:2)
  A goblin (D:3)
4 creatures vanquished.

Grand Total: 130 creatures vanquished

Notes
Turn   | Place    | Note
-------+----------+-------------------------------------------
     0 | D:1      | M4edhros the Octopode Artificer began the quest for the Orb.
     0 | D:1      | Reached XP level 1. HP: 13/13 MP: 3/3
    40 | D:1      | Reached skill level 2 in Stealth
    90 | D:1      | Reached XP level 2. HP: 17/18 MP: 4/4
   110 | D:2      | Reached skill level 3 in Stealth
   766 | D:2      | Reached skill level 4 in Stealth
   842 | D:2      | Reached XP level 3. HP: 19/23 MP: 5/5
  1055 | D:3      | Reached skill level 5 in Stealth
  1064 | D:3      | Reached XP level 4. HP: 12/28 MP: 6/6
  1377 | D:3      | Reached skill level 6 in Stealth
  1929 | D:4      | Reached XP level 5. HP: 29/33 MP: 7/7
  1952 | D:4      | Reached skill level 7 in Stealth
  1965 | D:4      | Reached skill level 8 in Stealth
  2088 | D:4      | Reached XP level 6. HP: 20/38 MP: 8/8
  2740 | D:4      | Found a staircase to the Ecumenical Temple.
  2791 | Temple   | Entered the Ecumenical Temple
  2826 | Temple   | Became a worshipper of Cheibriados the Contemplative
  3313 | D:4      | Found a bloodstained altar of Trog.
  3321 | D:4      | Reached * piety under Cheibriados
  3324 | D:4      | Reached skill level 1 in Unarmed Combat
  3333 | D:4      | Noticed an eye of draining
  3342 | D:4      | Killed an eye of draining
  3343 | D:4      | Noticed an eye of draining
  3352 | D:4      | Killed an eye of draining
  3352 | D:4      | Reached XP level 7. HP: 22/45 MP: 0/9
  3452 | D:5      | Entered Level 5 of the Dungeon
  3462 | D:5      | Noticed Murumi's ghost (novice FoFi)
  3607 | D:6      | Noticed Blork the orc
  3614 | D:6      | Killed Blork the orc
  3656 | D:5      | Reached ** piety under Cheibriados
  3725 | D:6      | Reached XP level 8. HP: 43/52 MP: 10/10
  3950 | D:6      | Reached skill level 5 in Unarmed Combat
  4137 | D:5      | Killed Murumi's ghost
  4137 | D:5      | Reached *** piety under Cheibriados
  4137 | D:5      | Reached skill level 5 in Dodging
  4137 | D:5      | Reached XP level 9. HP: 41/59 MP: 0/11
  4251 | D:5      | Got an iridescent mace
  4252 | D:5      | Identified the cursed +1 mace of Resourcefulness {pain, +Rage rN++} (You found it on level 5 of the Dungeon)
  4417 | D:7      | Noticed a hornet
  4423 | D:7      | Paralysed by a hornet for 2 turns
  4424 | D:7      | HP: 2/59 [hornet (16)]
  4425 | D:7      | Demolished by a hornet

Vault maps used:
D:1:      minmay_arrival_open_corners, minivault_14
D:2:      kennysheep_big_flooded_room, minmay_hexomino_p4
D:3:      serial_co_window_serial, co_window_paths_a, co_window_corner_a,
          co_window_paths_a, co_window_paths_a, co_window_paths_a,
          co_window_unsneaky_path_e, co_window_of_opportunity_b,
          co_window_paths_c, glass_columns_b, glass_columns_c, glass_columns_c,
          glass_columns_b, glass_columns_a, chequers_ecumenical_altar_grove
D:4:      trog_eyes_of_draining, temple_doors_cd
D:5:      first_bread
D:6:      grunt_decor_mini_mirrors, hangedman_decor_points, grunt_ministairs_1,
          uniq_blork_the_orc
Temple:   minmay_crystal_snake_temple

Skill      XL: |  1  2  3  4  5  6  7  8 |
---------------+-------------------------+-----
Stealth        | 2 4 5 6 8 |  8.7
Unarmed Combat | 2 4 6 |  6.6
Fighting       | 2 3 4 |  4.7
Dodging        | 3 5 |  5.1
Short Blades   | |  1.0
Evocations     | |  3.2

Action                   |  1- 3 |  4- 6 |  7- 9 || total
-------------------------+-------+-------+-------++-------
Melee: Short sword       |    56 |   105 |       ||   161
       Tentacles         |    13 |    18 |    28 ||    59
       Constrict         |    15 |    27 |    28 ||    70
       Dagger            |       |       |    71 ||    71
       Unarmed           |       |       |    33 ||    33
       Punch             |       |       |     5 ||     5
Evoke: Wand              |     3 |     9 |     3 ||    15
  Use: Potion            |       |     2 |     1 ||     3
       Scroll            |       |     1 |     8 ||     9
 Stab: Sleeping          |     2 |     8 |    16 ||    26
       Betrayed ally     |     1 |     1 |       ||     2
       Distracted        |       |       |     1 ||     1
  Eat: Chunk             |       |     8 |     2 ||    10
Armor: Skin              |     4 |     4 |    16 ||    24
Dodge: Dodged            |    36 |    51 |    45 ||   132
